 Dungeon Crawl Stone Soup version 0.25.0-10-g039870ee82 (webtiles) character file.

Game seed: 3125846473101874836

581 schauveau the Basher (level 7, -3/41 HPs)
             Began as a Gargoyle Monk on June 22, 2020.
             Was a Believer of Okawaru.
             Killed by divine providence
             ... invoked by an orc priest
              (15 damage)
             ... on level 3 of the Dungeon.
             The game lasted 00:07:11 (4462 turns).

schauveau the Basher (Gargoyle Monk)                Turns: 4462, Time: 00:07:12

Health: -3/41      AC: 16    Str: 16    XL:     7   Next: 36%
Magic:  7/7        EV:  7    Int: 11    God:    Okawaru [**....]
Gold:   187        SH:  0    Dex: 12    Spells: 6/6 levels left

rFire    . . .     SeeInvis .   a - +0 mace
rCold    . . .     Gourm    .   (no shield)
rNeg     + . .     Faith    .   o - +0 chain mail
rPois    ∞         Spirit   .   (no helmet)
rElec    +         Reflect  .   k - +2 cloak
rCorr    .         Harm     .   l - +0 pair of gloves
MR       .....                  (no boots)
Stlth    ..........             (no amulet)
HPRegen  0.13/turn              (no ring)
MPRegen  0.10/turn              (no ring)

@: stab, flying
A: negative energy resistance 1, electricity resistance, unbreathing,
petrification resistance, rot immunity, AC +4
a: Heroism, Renounce Religion


You were on level 3 of the Dungeon.
You worshipped Okawaru.
Okawaru was pleased with you.
You were not hungry.

You visited 2 branches of the dungeon, and saw 6 of its levels.

You collected 187 gold pieces.

Inventory:

Hand Weapons
 a - a +0 mace (weapon)
Missiles
 d - 157 stones (quivered)
 p - 24 poisoned darts
Armour
 k - a +2 cloak (worn)
 l - a +0 pair of gloves (worn)
 o - a +0 chain mail (worn)
Jewellery
 s - an uncursed ring of protection from cold {unknown}
Scrolls
 e - 7 scrolls of identify {unknown}
 g - a scroll of amnesia {unknown}
 i - 5 scrolls of remove curse {unknown}
 j - 2 scrolls of noise {unknown}
 q - a scroll of fog {unknown}
 r - a scroll of blinking {unknown}
Potions
 b - 2 potions of curing {unknown}
 f - a potion of berserk rage {unknown}
 h - 2 potions of flight
 m - 2 potions of stabbing
Comestibles
 c - 7 rations
 n - 4 chunks of flesh


   Skills:
 - Level 3.2 Fighting
 * Level 8.3 Maces & Flails
 - Level 2.4 Dodging
 - Level 2.1 Stealth


You had 6 spell levels left.
You didn't know any spells.
Your spell library contained the following spells:

 Spells                   Type           Power        Failure   Level  Hunger
 Confusing Touch          Hex            #.......     100%        3    ####...
 Gell's Gravitas          Tloc           #.........   100%        3    ####...
 Petrify                  Tmut/Erth      #.......     100%        4    #####..
 Metabolic Englaciation   Hex/Ice        #.........   100%        5    ######.
 Yara's Violent Unravell  Hex/Tmut       #.........   100%        5    ######.


Dungeon Overview and Level Annotations

Branches:
Dungeon (5/15)             Temple (1/1) D:5

Altars:
Ashenzari
Cheibriados
Dithmenos
Elyvilon
Fedhas
Gozag
Hepliaklqana
Kikubaaqudgha
Makhleb
Nemelex Xobeh
Okawaru
Qazlal
Ru
Sif Muna
Trog
Uskayaw
Vehumet
Wu Jian
Xom
Yredelemnul
Zin
The Shining One


Innate Abilities, Weirdness & Mutations

You are resistant to torment.
Your stone body is resilient. (AC +4)
You are immune to poison.
You resist negative energy. (rN+)
You are resistant to electric shocks. (rElec)
You can survive without breathing.
You are immune to petrification.
You are immune to rotting.


Message History

The orc priest is healed somewhat.
You sock the orc priest!
The orc priest is almost dead.
The orc priest hits you with a +0 club.
* * * LOW HITPOINT WARNING * * *
You barely miss the orc priest.
The orc priest is almost dead.
The orc priest closely misses you.
You hit the orc priest but do no damage.
The orc priest is almost dead.
The orc priest barely misses you.
You barely miss the orc priest.
The orc priest is almost dead.
The orc priest completely misses you.
You hit the orc priest.
You kill the orc priest!
Okawaru accepts your kill.
The orc priest invokes the aid of Beogh against you.
Beogh smites you!
You die...

#..................
#.########...######
#.# #.....# #.#
#.##### #.# #.#
####### #.# #.#
#...... #.# #.#
#.##### #.####
#.####.### #.@oo#
#...)....# ####.#
#####.#..## .#
#...#...## o#
#.#####... .#
#...#...## o#
###.#..## .# #....#
.# ####.# #.###


You could see an orc priest and an orc wizard.

Vanquished Creatures
  A phantom (D:4)
  4 scorpions
  An orc priest (D:3)
  Ijyb (D:3)
  3 worker ants (D:4)
  3 hound skeletons (D:4)
  4 adders
  2 oozes
  An adder skeleton (D:4)
  2 worms
  3 dart slugs
  2 leopard geckos (D:2)
  2 orcs (D:3)
  A giant cockroach (D:2)
  7 goblins
  8 hobgoblins
  3 jackals (D:3)
  7 kobolds
  3 quokkas
  2 ball pythons (D:4)
  7 bats
  4 frilled lizards
  A leopard gecko skeleton (D:4)
  8 rats
80 creatures vanquished.

Vanquished Creatures (others)
  A human (D:3)
1 creature vanquished.

Grand Total: 81 creatures vanquished

Notes
Turn   | Place    | Note
-------+----------+-------------------------------------------
     0 | D:1      | schauveau the Gargoyle Monk began the quest for the Orb.
     0 | D:1      | Reached XP level 1. HP: 14/14 MP: 1/1
    85 | D:1      | Reached XP level 2. HP: 15/19 MP: 2/2
   550 | D:2      | Reached skill level 4 in Maces & Flails
   656 | D:2      | Reached XP level 3. HP: 20/23 MP: 3/3
  1115 | D:3      | Found a radiant altar of Vehumet.
  1116 | D:3      | Found an ornate altar of the Wu Jian Council.
  1117 | D:3      | Found an opulent altar of Gozag.
  1117 | D:3      | Found a sparkling altar of Nemelex Xobeh.
  1118 | D:3      | Found a shadowy altar of Dithmenos.
  1119 | D:3      | Found a stormy altar of Qazlal.
  1178 | D:3      | Reached XP level 4. HP: 25/28 MP: 4/4
  1212 | D:3      | Noticed Ijyb
  1216 | D:3      | Paralysed by Ijyb for 7 turns
  1240 | D:3      | Killed Ijyb
  1240 | D:3      | Reached skill level 5 in Maces & Flails
  1451 | D:4      | Reached XP level 5. HP: 13/32 MP: 5/5
  1864 | D:4      | Reached skill level 6 in Maces & Flails
  1937 | D:4      | Reached XP level 6. HP: 19/37 MP: 6/6
  1966 | D:4      | Reached skill level 7 in Maces & Flails
  2376 | D:4      | Noticed a phantom
  2422 | D:4      | Killed a phantom
  2422 | D:4      | Reached XP level 7. HP: 38/41 MP: 7/7
  2529 | D:5      | Entered Level 5 of the Dungeon
  2877 | D:5      | Found a staircase to the Ecumenical Temple.
  2884 | Temple   | Entered the Ecumenical Temple
  3087 | Temple   | Became a worshipper of Warmaster Okawaru
  3087 | Temple   | Reached * piety under Okawaru
  3087 | Temple   | Reached ** piety under Okawaru
  3112 | D:5      | Reached skill level 8 in Maces & Flails
  4214 | D:3      | Found an ancient bone altar of Kikubaaqudgha.
  4215 | D:3      | Noticed a human
  4217 | D:3      | Killed a human
  4462 | D:3      | Killed from afar by an orc priest

Illustrated notes

Levels and vault maps discovered:
D:1:      dpeg_arrival_rooms_b, layout_loops_ring
D:2:      layout_loops_ring, corexii_leaking_fountain
D:3:      layout_loops_ring, grunt_temple_overflow_open, first_ration,
          tgw_kikubaaqudgha, uniq_ijyb
D:4:      layout_loops_ring
D:5:      layout_rooms, minmay_temple_entry_waves, serial_shops,
          kennysheep_mini_moat, gammafunk_ghost_necromancy,
          okawaru_ov_weapons_minmay, uniq_sigmund
Temple:   regret_index_temple_sphere_string

Skill      XL: |  1  2  3  4  5  6  7 |
---------------+----------------------+-----
Maces & Flails | 4 5 6 7 8 |  8.3
Fighting       | |  3.2
Dodging        | |  2.4
Stealth        | |  2.1

Action                   |  1- 3 |  4- 6 |  7- 9 || total
-------------------------+-------+-------+-------++-------
Melee: Mace              |   124 |   142 |   142 ||   408
Throw: Stone             |     1 |       |       ||     1
  Use: Potion            |       |       |     2 ||     2
 Stab: Sleeping          |     1 |       |       ||     1
  Eat: Chunk             |     1 |     4 |     7 ||    12
Armor: Robe              |    43 |     7 |       ||    50
       Chain mail        |       |    79 |   112 ||   191
Dodge: Dodged            |    92 |    48 |    76 ||   216
